 Dungeon Crawl Stone Soup version 0.23.2-1-ga50397a (webtiles) character file.

Game seed: 410308071052353500

20 GuyDeFluk the Sneak (level 2, 0/13 HPs)
             Began as a Spriggan Enchanter on May 16, 2019.
             Slain by a hobgoblin
             ... wielding a +0 club
              (2 damage)
             ... on level 1 of the Dungeon.
             The game lasted 00:04:26 (1335 turns).

GuyDeFluk the Sneak (Spriggan Enchanter)            Turns: 1335, Time: 00:04:27

Health: 0/13       AC:  2    Str:  4    XL:     2   Next: 58%
Magic:  7/7        EV: 18    Int: 16    God:
Gold:   21         SH:  0    Dex: 16    Spells: 6/7 levels left

rFire    . . .     SeeInvis +   a - +1 dagger
rCold    . . .     Gourm    .   (shield restricted)
rNeg     . . .     Faith    .   b - +0 robe
rPois    .         Spirit   .   (helmet restricted)
rElec    .         Reflect  .   (no cloak)
rCorr    .         Harm     .   (gloves unavailable)
MR       .....                  (boots unavailable)
Stlth    +++.......             (no amulet)
HPRegen  0.04/turn              (no ring)
MPRegen  0.10/turn              (no ring)

@: very quick
A: very small, unfitting armour, see invisible, herbivore, speed 3, slow
metabolism 2
a: no special abilities


You were on level 1 of the Dungeon.
You were not hungry.

You visited 1 branch of the dungeon, and saw 1 of its levels.

You collected 21 gold pieces.

Inventory:

Hand Weapons
 a - a +1 dagger (weapon)
Armour
 b - a +0 robe (worn)
Jewellery
 h - an uncursed ring of see invisible {unknown}
Scrolls
 c - a scroll of fear {unknown}
 f - a scroll of magic mapping {unknown}
 g - a scroll of enchant armour {unknown}
Potions
 e - a potion of brilliance {unknown}
 i - a potion of might {unknown}
Comestibles
 d - 2 rations


   Skills:
 + Level 1.9 Short Blades
 - Level 3.0 Dodging
 - Level 5.0 Stealth
 + Level 3.2 Spellcasting
 - Level 3.6 Hexes


You had 6 spell levels left.
You knew the following spells:

 Your Spells              Type           Power        Failure   Level  Hunger
a - Corona                Hex            ##.....      4%          1    None

Your spell library contained the following spells:

 Spells                   Type           Power        Failure   Level  Hunger
 Confuse                  Hex            ##......     12%         3    ###....
 Tukima's Dance           Hex            ##......     12%         3    ###....
 Ensorcelled Hibernation  Hex/Ice        #.....       13%         2    ##.....
 Dazzling Spray           Conj/Hex       #.....       26%         3    ###....


Dungeon Overview and Level Annotations

Branches:
Dungeon (1/15)

Altars:


Innate Abilities, Weirdness & Mutations

You are very small and have problems with some larger weapons.
You are too small for most types of armour.
You have supernaturally acute eyesight. (SInv)
You are a herbivore.
You cover ground extremely quickly.
You need to consume almost no food.


Message History

The hobgoblin is moderately wounded.
The hobgoblin completely misses you.
You closely miss the hobgoblin.
The hobgoblin is moderately wounded.
You barely miss the hobgoblin.
The hobgoblin is moderately wounded.
The hobgoblin misses you.
You hit the hobgoblin.
The hobgoblin is severely wounded.
The hobgoblin misses you.
You hit the hobgoblin but do no damage.
The hobgoblin is severely wounded.
The hobgoblin misses you.
You hit the hobgoblin but do no damage.
The hobgoblin is severely wounded.
The hobgoblin closely misses you.
You hit the hobgoblin.
The hobgoblin is almost dead.
The hobgoblin hits you with a +0 club.
You die...

#.......g....#
#.#########...#.#
#..#.........# #.#
##...##.....# ............##
#.###.....##...##
..##.####...####.##..........##
...#.# #[...................#
#....# #......#..#.......#..#
#.#.#####...#########....##..#
g...###...#.#.......#....##..#
#.#.........+...@g..'.....#.##
....###.#####.......#.....#.#
.....##.# #########.....#.#
.....##.# ###.......#....##.#
.....##.###.+.>.>.>.'....#
.....#......#.......####.#
.........############ #..
.....#...####......# .#.
####.#.#...##......#


You could see a hobgoblin.

Vanquished Creatures
  A gnoll (D:1)
  2 bats (D:1)
  A goblin (D:1)
  A hobgoblin (D:1)
  A ball python (D:1)
  3 frilled lizards (D:1)
  2 kobolds (D:1)
11 creatures vanquished.

Notes
Turn   | Place    | Note
-------+----------+-------------------------------------------
     0 | D:1      | GuyDeFluk the Spriggan Enchanter began the quest for the
                  | Orb.
     0 | D:1      | Reached XP level 1. HP: 9/9 MP: 5/5
   368 | D:1      | Reached XP level 2. HP: 13/13 MP: 7/7
   480 | D:1      | Reached skill level 5 in Stealth
  1335 | D:1      | Slain by a hobgoblin

Skill      XL: |  1  2 |
---------------+-------+-----
Spellcasting   | 3 |  3.2
Stealth        | 5 |  5.0
Short Blades   | |  1.9
Dodging        | |  3.0
Hexes          | |  3.6

Action                   || total
-------------------------++-------
Melee: Dagger            ||    74
 Stab: Sleeping          ||     2
Armor: Robe              ||    11
Dodge: Dodged            ||    68
